Rageeroo, chaotic female elven Ranger -- ----- ---.-- |.<.--- --....r| -- |.....|-- |...d@r--... ---.[.|..| --.--rrrr... --....-- ---|.rr..[. |*....| --.--.|..... |.|...| |....G|.|... |.|--.| ---.... |-- |.| |.| |--.- |.| |.| |...| |.| |.-- --.--- --- |.| |...|----...- |.--|.| ---.|........ --..--.| |.......--- |......| ---....-- --.*...| |...... --..--- ----... --- .. - Rageeroo the Lookout Experience level: 5 Strength: 18 Dexterity: 9 Constitution: 13 Intelligence: 13 Wisdom: 14 Charisma: 8 Health: 0(30) Energy: 2(39) Def: 3 Gold: 336 Moves: 2346 Dungeon seed: vT13FFnuh6xV6zrY Game ID: Rageeroo_1477223059 Your Inventory: Coins $ - 336 gold pieces Weapons a - the +1 Sting (weapon in hand) b - a +1 elven bow c - 51 +2 elven arrows d - 36 +0 elven arrows h - a +0 orcish dagger q - a +0 elven dagger v - a +0 dagger (in quiver) K - a +2 orcish dagger L - a +1 orcish dagger N - a cursed -1 dagger Armor e - an uncursed +2 elven cloak (being worn) y - an uncursed +0 orcish helm Comestibles f - 5 uncursed lembas wafers k - an uncursed fortune cookie m - an uncursed food ration r - an uncursed tripe ration z - an uncursed slime mold C - an uncursed carrot F - an uncursed egg G - an uncursed lichen corpse O - an uncursed tin of rock mole meat Scrolls j - a cursed scroll of punishment n - an uncursed scroll of scare monster A - an uncursed scroll of gold detection Spellbooks o - an uncursed spellbook of light Potions g - an uncursed potion of extra healing p - an uncursed potion of sickness B - an uncursed potion of hallucination E - an uncursed potion of invisibility I - an uncursed potion of object detection Rings t - a cursed ring of see invisible Wands u - a wand of magic missile (0:6) Tools s - an uncursed oil lamp (0:1036) w - 6 uncursed tallow candles (0:200) x - an uncursed wax candle (0:400) D - a cursed tallow candle (0:200) J - an uncursed mirror M - a +0 pick-axe Spells and supernatural/magical abilities: Name Level Category Fail Memory l - light 1 divination 43% 93% W - pray for help -- divine ? -- Your skills at the end: Fighting Skills Weapon Skills dagger [Basic] bow [Basic] Spellcasting Skills Final Attributes: You were piously aligned. You were sleep resistant. You were aware of the presence of orcs. You had automatic searching. You had infravision. You were stealthy. You are dead. Vanquished creatures: a mountain nymph a shrieker a gnome lord a guardian naga hatchling 4 dwarves 2 hill orcs an iguana 2 acid blobs a coyote 2 hobbits 3 manes a large kobold 2 hobgoblins 2 red molds 10 gnomes 3 geckos 6 jackals 2 foxes 2 goblins a sewer rat 2 lichens 2 kobold zombies 4 newts 56 creatures vanquished. Voluntary challenges: You used a wielded weapon 39 times, starting on turn 3. You read items or engraved 1 time, starting on turn 829. You never genocided any monsters. You never polymorphed an object. You never changed form. You used no wishes. You never split a pudding. You never wrote Elbereth's name. You never violated your personal moral code. Dungeon overview: The Dungeons of Doom: levels 1 to 4 Level 1 a long staircase Level 2 an altar to Venus, a fountain Level 3 a fountain, a sink Level 4 a sink stairs to The Gnomish Mines The Gnomish Mines: levels 5 to 6 Level 5 stairs to The Dungeons of Doom Level 6 <- You were here History has recorded: On T:1 you entered the Dungeons of Doom to retrieve the Amulet of Yendor! On T:430 you reached level 2 of The Dungeons of Doom. On T:476 you advanced to experience level 2. On T:942 you reached level 3 of The Dungeons of Doom. On T:1097 you advanced to experience level 3. On T:1574 you reached level 4 of The Dungeons of Doom. On T:1685 you reached level 1 of The Gnomish Mines. On T:1717 you advanced to experience level 4. On T:1889 you advanced to experience level 5. On T:2226 you reached level 2 of The Gnomish Mines. Score breakdown: Gold: 336 ( 8598 points) Experience: 5 levels (11141 points) Exploration: 6 levels ( 13.33%) (10112 points) Discoveries: 2 items ( 0.69%) ( 2491 points) Valuables value: (no points given unless you survive) Artifact value: 800 ( 9877 points) Variety of kills: 23 monsters ( 6.04%) ( 7370 points) Turncount: 2346 turns ( -236 points) Survival: died (score multiplied by 80%) Total score: 39482 Latest messages: The sewer rat misses ÓãA. You miss the sewer rat. The sewer rat bites! (3x) The wererat bites! ÓãA bites the sewer rat. The sewer rat is killed! Pick an object. Never mind. The dagger misses the wererat. The sewer rat bites! (2x) The wererat bites! ÓãA bites the wererat. The wererat summons help! The wererat misses ÓãA. The dagger misses the wererat. The rabid rat bites! The sewer rat bites! (2x) The wererat bites! You die... Final status: Goodbye Rageeroo the Ranger, killed by a wererat... You died in The Gnomish Mines on dungeon level 6 with 39482 points, and 336 pieces of gold, after 2346 moves. You were level 5 with a maximum of 30 hit points when you died.